 Dungeon Crawl Stone Soup version 0.31-a0-819-gf6de2f5ab6 (webtiles) character file.

Game seed: 1047515921015439885

49 qw the Shooter (level 3, -4/22 HPs)
             Began as a Gargoyle Hunter on Sept 23, 2023.
             Slain by Sigmund
             ... wielding a +0 scythe
              (5 damage)
             ... on level 2 of the Dungeon.
             The game lasted 00:00:23 (1122 turns).

qw the Shooter (Gargoyle Hunter)                    Turns: 1122, Time: 00:00:24

Health: -4/22      AC:  6    Str: 14    XL:     3   Next: 75%
Magic:  3/3        EV: 11    Int:  9    God:
Gold:   86         SH:  0    Dex: 15    Spells: 2/2 levels left

rFire   . . .        Y - +0 shortbow
rCold   . . .        (shield currently unavailable)
rNeg    + . .        c - +0 leather armour
rPois   inf          (no helmet)
rElec   +            (no cloak)
rCorr   .            (no gloves)
SInv    .            (no boots)
Will    .....        (no amulet)
Stlth   ++           (no ring)
HPRegen 0.23/turn    (no ring)
MPRegen 0.08/turn

%: no passive effects
@: no status effects
A: sickness immunity, AC +3, negative energy resistance 1, electricity
resistance, torment resistance 1, petrification resistance
a: no special abilities


You were on level 2 of the Dungeon.
You visited 1 branch of the dungeon, and saw 2 of its levels.

You collected 86 gold pieces.


Innate Abilities, Weirdness & Mutations

You are immune to sickness and miasma.
Your stone body is resilient. (AC +3)
You are immune to poison.
You resist negative energy. (rN+)
You are resistant to electric shocks. (rElec)
You are resistant to unholy torment.
You are immune to petrification.


   Skills:
 + Level 2.6 Fighting
 - Level 5.1 Ranged Weapons
 - Level 1.5 Dodging
 - Level 1.1 Stealth


You had 2 spell levels left.
You didn't know any spells.
Your spell library was empty.

Inventory:

Hand Weapons
 Y - a +0 shortbow (weapon)
Armour
 c - a +0 leather armour (worn)
Scrolls
 a - a scroll of silence {unknown}
 f - a scroll of identify
Potions
 b - a potion of curing {unknown}
 d - a potion of might {unknown}
 e - a potion of heal wounds {unknown}
 g - 2 potions of haste {unknown}
 h - a potion of berserk rage {unknown}
 i - a potion of ambrosia {unknown}
 j - a potion of attraction {unknown}
 k - a potion of enlightenment {unknown}

Dungeon Overview and Level Annotations

Branches:
Dungeon (2/15)

Altars:

Annotations:
D:2 Sigmund


Message History

HP restored.
A ball python comes into view.
You shoot an arrow. The arrow hits the ball python.
The ball python hisses angrily.
The ball python is severely wounded.
You shoot an arrow. The arrow hits the ball python.
You kill the ball python!
Found a stone staircase leading down.
Sigmund the Dreaded comes into view.
He is wielding a +0 scythe.
You shoot an arrow.
The arrow hits Sigmund but does no damage.
Sigmund shouts!
Sigmund gestures wildly while chanting.
Sigmund flickers and vanishes!
Deactivating autopickup; reactivate with Ctrl-A.
You shoot an arrow. You shoot an arrow.
A puff of flame appears from out of thin air!
The puff of flame hits you but does no damage.
You shoot an arrow. You shoot an arrow. You shoot an arrow. You shoot an arrow.
Something hits you but does no damage.
You shoot an arrow. Something hits you.
You shoot an arrow.
You hear some strange, mumbled words.
Something tries to affect you, but you resist.
You shoot an arrow. Something hits you.
You shoot an arrow.
A magic dart appears from out of thin air!
The magic dart hits you!
You shoot an arrow. Something hits you!
You shoot an arrow. You shoot an arrow. Something hits you.
You die...

. ..# # #.# #.# # #.# #.##.#
. #....# ...
#.#..#.##.####..>..
.#........@.{.....
...#.##.###.#.... .# # #.
#.##.# # . .. ##.#.##.##.#
... ........##.###.#.. ... #
#...........%.. . # #.#.#
#.#.##.##.###.#....#.#.#.#.#
.#....##.## .#....#.#.#.#.#
.....##.#### .
..............


There were no monsters in sight!

Vanquished Creatures
  2 adders (D:2)
  4 ball pythons
  3 endoplasms (D:1)
  5 goblins
  2 hobgoblins (D:1)
  5 jackals
  2 bats
  2 frilled lizards
  2 kobolds
  2 rats (D:1)
29 creatures vanquished.

Notes
Turn   | Place    | Note
-------+----------+-------------------------------------------
     0 | D:1      | qw the Gargoyle Hunter began the quest for the Orb.
     0 | D:1      | Reached XP level 1. HP: 12/12 MP: 1/1
     0 | D:1      | 0 ||| qw: Version: 0.3-a-83-gcd0e7d8
     0 | D:1      | 0 ||| qw: Game counter: 1483
     0 | D:1      | 0 ||| qw: Melee chars always use a shield: true
     0 | D:1      | 0 ||| qw: God list: Okawaru
     0 | D:1      | 0 ||| qw: Allow faded altars: false
     0 | D:1      | 0 ||| qw: Do Orc after clearing Dungeon:15 true
     0 | D:1      | 0 ||| qw: Do second Lair branch before Depths: true
     0 | D:1      | 0 ||| qw: Lair rune preference: random
     0 | D:1      | 0 ||| qw: Goals: Normal
     0 | D:1      | 0 ||| PLANNING D:1-11
   187 | D:1      | Reached XP level 2. HP: 15/17 MP: 2/2
   682 | D:1      | 682 ||| READING scroll labelled GOT VIFORHYIBB.
   683 | D:1      | 683 ||| READING 2 scrolls labelled PYFYETHRAEV.
   684 | D:1      | 684 ||| READING scroll labelled GIMNAU WIFADGH.
   685 | D:1      | 685 ||| READING scroll labelled COEB RYEZUASHO.
   686 | D:1      | 686 ||| DRINKING 2 fizzy grey potions.
   687 | D:1      | 687 ||| DROPPING scroll of butterflies.
   688 | D:1      | 688 ||| DROPPING potion of brilliance.
   735 | D:2      | Reached XP level 3. HP: 21/21 MP: 3/3
   800 | D:2      | Reached skill level 5 in Ranged Weapons
  1108 | D:2      | Noticed Sigmund
  1120 | D:2      | HP: 1/22 [something (7)]
  1122 | D:2      | Slain by Sigmund

Levels and vault maps discovered:
D:1:      lightli_arrival_lavapool, layout_loops_ring
D:2:      layout_basic, serial_shops, shop, dk_vineyard_1, patterned_corridor,
          uniq_sigmund

Skill      XL: |  1  2  3 |
---------------+----------+-----
Ranged Weapons | 5 |  5.1
Fighting       | |  2.6
Dodging        | |  1.5
Stealth        | |  1.1

Action                     || total
---------------------------++-------
   Fire: Shortbow          ||    91
    Use: Scroll            ||     4
         Potion            ||     1
 Armour: Leather armour    ||    37
  Dodge: Dodged            ||    31

Table legend:
 A = Non-vault XP
 B = Vault XP
 C = Vault XP percentage of total XP
 D = Non-vault monster count
 E = Vault monster count
 F = Vault count percentage of total count
                 A         B        C        D         E       F
            +---------+---------+-------+---------+---------+-------
      Total |      70 |       0 |   0.0 |      29 |       0 |   0.0
            +---------+---------+-------+---------+---------+-------
        D:1 |      30 |       0 |   0.0 |      18 |       0 |   0.0
        D:2 |      40 |       0 |   0.0 |      11 |       0 |   0.0
            +---------+---------+-------+---------+---------+-------
